 Dungeon Crawl Stone Soup version 0.29.0-4-gdea44cf6ec (webtiles) character file.

Game seed: 15952218889952228278

895 qw the Cleaver (level 8, -3/44 (46) HPs)
             Began as a Tengu Warper on Aug 28, 2022.
             Slain by a wight
             ... wielding a +0 falchion
              (5 damage)
             ... on level 7 of the Dungeon.
             The game lasted 00:00:30 (4240 turns).

qw the Cleaver (Tengu Warper)                       Turns: 4240, Time: 00:00:31

HP:   -3/44 (46)    AC: 12    Str: 15    XL:     8   Next: 6%
MP:   12/12         EV:  8    Int: 13    God:
Gold: 158           SH:  0    Dex: 13    Spells: 11/11 levels left

rFire   . . .      SeeInvis .   Y - +1 hand axe
rCold   . . .      Faith    .   (no shield)
rNeg    . . .      Spirit   .   e - +0 chain mail
rPois   .          Reflect  .   (helmet restricted)
rElec   .          Harm     .   (no cloak)
rCorr   .          Rampage  .   (no gloves)
Will    .....                   (boots unavailable)
Stlth   ..........              f - amulet of regeneration
HPRegen 0.94/turn               i - +4 ring of protection
MPRegen 0.13/turn               (no ring)

@: flying quickly and evasively, lightly drained, quick
A: beak, talons 3, nimble flight
a: no special abilities


You were on level 7 of the Dungeon.
You visited 1 branch of the dungeon, and saw 5 of its levels.

You collected 200 gold pieces.
You spent 42 gold pieces at shops.


Innate Abilities, Weirdness & Mutations

You have a beak for a mouth.
You have claws for feet.
Your magical nature lets you fly swiftly and evasively.


   Skills:
 - Level 3.0 Fighting
 - Level 9.4 Axes
 - Level 1.0 Throwing
 + Level 2.3 Armour
 - Level 2.1 Dodging
 - Level 2.0 Spellcasting
 - Level 2.4 Translocations


You had 11 spell levels left.
You didn't know any spells.
Your spell library contained the following spells:

 Spells                   Type           Power      Damage    Failure   Level
 Blink                    Tloc           14%        N/A       97%         2
 Gell's Gravitas          Tloc           7%         N/A       99%         3
 Lesser Beckoning         Tloc           7%         N/A       99%         3
 Teleport Other           Tloc           7%         N/A       99%         3
 Manifold Assault         Tloc           7%         N/A       100%        5

Inventory:

Hand Weapons
 j - a +0 flail
 Y - a +1 hand axe (weapon)
Armour
 e - a +0 chain mail (worn)
Jewellery
 f - an amulet of regeneration (around neck)
 i - a +4 ring of protection (left hand)
 l - a ring of see invisible
Scrolls
 a - a scroll of identify
 b - a scroll of vulnerability {unknown}
 k - a scroll of enchant armour {unknown}
 m - a scroll of fear {unknown}
Potions
 c - a potion of ambrosia {unknown}
 d - a potion of curing
 g - a potion of magic {unknown}
 h - 2 potions of resistance {unknown}
 n - a potion of might {unknown}

Dungeon Overview and Level Annotations

Branches:
Dungeon (4/15)
 Temple: D:4-7

Altars:
Cheibriados
Gozag
Hepliaklqana
Wu Jian

Shops:
D:2 *

Annotations:
D:4 1 runed translucent door, qw's ghost, weakling TeWr


Message History

The steam dragon barely misses you.
The steam dragon claws you but does no damage.
You slash the steam dragon! You claw the steam dragon.
The steam dragon is heavily wounded.
You barely miss the steam dragon.
The steam dragon is heavily wounded.
The steam dragon breathes steam at you. The ball of steam hits you!
You hit the steam dragon but do no damage.
You claw the steam dragon. You peck the steam dragon.
The steam dragon is severely wounded.
You are engulfed in a cloud of scalding steam.
The steam dragon barely misses you. x2; The wight barely misses you.
A wight comes into view. It is wielding a +0 flail.
You slash the steam dragon! You claw the steam dragon.
You kill the steam dragon!
The steam dragon scales are intact enough to wear.
You are engulfed in a cloud of scalding steam.
The wight hits you but does no damage.
Your Axes skill increases to level 9!
You have reached level 8!
You feel stronger.
You hit the wight. You claw the wight. You peck the wight.
The wight is heavily damaged.
You hit the wight.
You are engulfed in a cloud of scalding steam.
The wight hits you from afar with a +0 halberd.
The wight hits you but does no damage. x2
You completely miss the wight. You claw the wight, but do no damage.
The wight is heavily damaged.
You hit the wight but do no damage.
You are engulfed in a cloud of scalding steam.
The wight hits you from afar with a +0 halberd!
You feel drained. The wight hits you but does no damage.
The wight barely misses you.
You hit the wight. You peck the wight, but do no damage.
The wight is almost destroyed.
You hit the wight but do no damage.
You are engulfed in a cloud of scalding steam.
The wight hits you with a +0 falchion.
You die...

########.
##.....!..
#...z.8.#.
#.zzz.....
#)@# ##.)#
#.)¤# #...#
###¤.¤#
#.....#####
###.......#
###.....#
###.....#


You could see 4 wights.

Vanquished Creatures
  Eustachio (D:4)
  A steam dragon (D:7)
  A sky beast (D:7)
  A necrophage (D:7)
  A hound (D:4)
  4 orc priests
  An iguana (D:4)
  Ijyb (D:4)
  4 orc wizards
  5 adders
  3 worms
  4 dart slugs
  13 orcs
  9 bats
  9 endoplasms
  3 giant cockroaches
  6 goblins
  8 hobgoblins
  2 jackals (D:1)
  2 quokkas (D:3)
  5 ball pythons
  2 frilled lizards (D:1)
  3 kobolds
  7 rats
96 creatures vanquished.

Vanquished Creatures (others)
  2 withered plants (D:4)
2 creatures vanquished.

Grand Total: 98 creatures vanquished

Notes
Turn   | Place    | Note
-------+----------+-------------------------------------------
     0 | D:1      | qw the Tengu Warper began the quest for the Orb.
     0 | D:1      | Reached XP level 1. HP: 12/12 MP: 4/4
     0 | D:1      | 0 ||| qw: Version: 0.1-a-89-g26bdef1
     0 | D:1      | 0 ||| qw: Game counter: 209
     0 | D:1      | 0 ||| qw: Always use a shield: true
     0 | D:1      | 0 ||| qw: God list: Okawaru
     0 | D:1      | 0 ||| qw: Allow faded altars: false
     0 | D:1      | 0 ||| qw: Do Orc after D:15 true
     0 | D:1      | 0 ||| qw: Do second Lair branch before Depths: true
     0 | D:1      | 0 ||| qw: Lair rune preference: random
     0 | D:1      | 0 ||| qw: Plans: Normal
     0 | D:1      | 0 ||| PLANNING D:1-11
    20 | D:1      | Found a faded altar of an unknown god.
   167 | D:1      | 167 ||| Stepping ~*~*~tactically~*~*~ (stealth).
   169 | D:1      | 169 ||| Stepping ~*~*~tactically~*~*~ (stealth).
   190 | D:1      | 190 ||| Stepping ~*~*~tactically~*~*~ (stealth).
   296 | D:1      | Reached XP level 2. HP: 17/17 MP: 6/6
   309 | D:1      | 309 ||| Stepping ~*~*~tactically~*~*~ (stealth).
   310 | D:1      | 310 ||| Stepping ~*~*~tactically~*~*~ (stealth).
   312 | D:1      | Reached skill level 3 in Axes
   324 | D:1      | 324 ||| Stepping ~*~*~tactically~*~*~ (stealth).
   325 | D:1      | 325 ||| Stepping ~*~*~tactically~*~*~ (stealth).
   372 | D:1      | 372 ||| Stepping ~*~*~tactically~*~*~ (hiding).
   405 | D:1      | 405 ||| Stepping ~*~*~tactically~*~*~ (stealth).
   407 | D:1      | 407 ||| Stepping ~*~*~tactically~*~*~ (hiding).
   514 | D:1      | 514 ||| Stepping ~*~*~tactically~*~*~ (hiding).
   616 | D:1      | 616 ||| Stepping ~*~*~tactically~*~*~ (hiding).
   718 | D:1      | 718 ||| Stepping ~*~*~tactically~*~*~ (hiding).
   794 | D:1      | 794 ||| DROPPING +0 club.
   993 | D:1      | Reached XP level 3. HP: 14/21 MP: 7/7
  1279 | D:1      | 1279 ||| READING 3 scrolls labelled UGRUFE JICW.
  1280 | D:1      | 1280 ||| READING scroll labelled SUGOEQ CATOERGH.
  1281 | D:1      | 1281 ||| READING 2 scrolls of identify.
  1281 | D:1      | 1281 ||| IDENTIFYING red potion
  1282 | D:1      | 1282 ||| DROPPING scroll of blinking.
  1283 | D:1      | 1283 ||| DROPPING potion of attraction.
  1356 | D:2      | Found Bikulis's General Store.
  1364 | D:2      | 1364 ||| BUYING potion of curing (42 gold).
  1364 | D:2      | Bought a potion of curing for 42 gold pieces
  1364 | D:2      | 1364 ||| SHOPLISTING potion of heal wounds (70 gold, have
                  | 14).
  1364 | D:2      | 1364 ||| SHOPLISTING scroll of brand weapon (133 gold, have
                  | 14).
  1364 | D:2      | 1364 ||| SHOPLISTING scroll of identify (28 gold, have 14).
  1389 | D:2      | 1389 ||| Stepping ~*~*~tactically~*~*~ (stealth).
  1391 | D:2      | Reached skill level 4 in Axes
  1488 | D:2      | HP: 5/21 [worm (8)]
  2232 | D:2      | Reached XP level 4. HP: 24/26 MP: 8/8
  2623 | D:2      | 2623 ||| UPGRADING to +2 leather armour of cold resistance.
  2633 | D:2      | 2633 ||| DROPPING +0 leather armour.
  2634 | D:2      | 2634 ||| UPGRADING to +0 scale mail.
  2644 | D:2      | 2644 ||| DROPPING +2 leather armour of cold resistance.
  2645 | D:2      | 2645 ||| UPGRADING to amulet of regeneration.
  2650 | D:2      | 2650 ||| READING 2 scrolls labelled OTHROB EPUONIAZ.
  2651 | D:2      | 2651 ||| READING scroll labelled SACOOSTR ICHAFF.
  2652 | D:2      | 2652 ||| DRINKING 2 blue potions.
  2653 | D:2      | 2653 ||| DROPPING scroll of poison.
  2654 | D:2      | 2654 ||| DROPPING potion of brilliance.
  2655 | D:2      | 2655 ||| Stepping randomly (stuck).
  2656 | D:2      | 2656 ||| Stepping ~*~*~tactically~*~*~ (cloud).
  2690 | D:3      | Found a hazy altar of Hepliaklqana.
  2693 | D:3      | 2693 ||| STAIRDANCE
  2867 | D:3      | 2867 ||| Stepping ~*~*~tactically~*~*~ (hiding).
  2868 | D:3      | 2868 ||| Stepping ~*~*~tactically~*~*~ (hiding).
  2870 | D:3      | 2870 ||| Stepping ~*~*~tactically~*~*~ (hiding).
  2875 | D:3      | 2875 ||| DRINKING 4 potions of curing.
  2875 | D:3      | 2875 ||| (to cure confusion)
  2879 | D:3      | Reached skill level 5 in Axes
  2885 | D:3      | 2885 ||| Stepping ~*~*~tactically~*~*~ (hiding).
  2886 | D:3      | 2886 ||| Stepping ~*~*~tactically~*~*~ (hiding).
  2901 | D:3      | Gained mutation: Your magical nature lets you fly swiftly
                  | and evasively. [Tengu growth]
  2901 | D:3      | Reached XP level 5. HP: 14/30 MP: 9/9
  2919 | D:3      | 2919 ||| Stepping ~*~*~tactically~*~*~ (stealth).
  2921 | D:3      | 2921 ||| Stepping ~*~*~tactically~*~*~ (stealth).
  2924 | D:3      | 2924 ||| Stepping ~*~*~tactically~*~*~ (stealth).
  3052 | D:3      | Found an ornate altar of the Wu Jian Council.
  3191 | D:3      | Reached skill level 6 in Axes
  3201 | D:3      | 3201 ||| Stepping ~*~*~tactically~*~*~ (stealth).
  3216 | D:3      | 3216 ||| DROPPING +0 whip.
  3388 | D:3      | 3388 ||| UPGRADING to +0 chain mail.
  3398 | D:3      | 3398 ||| DROPPING +0 scale mail.
  3399 | D:3      | 3399 ||| UPGRADING to +4 ring of protection.
  3400 | D:3      | 3400 ||| READING scroll labelled WUSKEO VIOFUN.
  3401 | D:3      | 3401 ||| DRINKING 3 smoky orange potions.
  3402 | D:3      | 3402 ||| DRINKING 2 metallic puce potions.
  3403 | D:3      | 3403 ||| DROPPING 2 potions of invisibility.
  3404 | D:3      | 3404 ||| DROPPING potion of flight.
  3429 | D:4      | 3429 ||| Stepping ~*~*~tactically~*~*~ (stealth).
  3531 | D:4      | Noticed Ijyb
  3534 | D:4      | Noticed Eustachio
  3537 | D:4      | Killed Ijyb
  3540 | D:4      | HP: 7/28 [Eustachio/+0 rapier (7)]
  3543 | D:4      | 3543 ||| FLEEEEING.
  3544 | D:4      | 3544 ||| FLEEEEING.
  3550 | D:4      | 3550 ||| FLEEEEING.
  3551 | D:4      | 3551 ||| FLEEEEING.
  3552 | D:4      | 3552 ||| FLEEEEING.
  3553 | D:4      | 3553 ||| FLEEEEING.
  3556 | D:4      | 3556 ||| FLEEEEING.
  3609 | D:4      | HP: 5/28 [white imp/puff of frost[Eustachio] (9)]
  3615 | D:4      | HP: 7/28 [quasit[Eustachio] (2)]
  3635 | D:4      | Killed Eustachio
  3636 | D:4      | Reached skill level 7 in Axes
  3636 | D:4      | Reached XP level 6. HP: 25/35 MP: 10/10
  3856 | D:4      | 3856 ||| DRINKING 3 potions of curing.
  3856 | D:4      | 3856 ||| (to cure confusion)
  3862 | D:4      | Reached skill level 3 in Fighting
  3862 | D:4      | Reached XP level 7. HP: 12/41 MP: 11/11
  3862 | D:4      | HP: 8/41 [poisoned by an orc]
  3863 | D:4      | HP: 3/41 [poisoned by an orc]
  3864 | D:4      | 3864 ||| DRINKING 2 potions of curing.
  3864 | D:4      | 3864 ||| (to cure poison)
  3950 | D:4      | Found a runed translucent door.
  3950 | D:4      | Noticed qw's ghost (weakling TeWr)
  3961 | D:4      | Found an opulent altar of Gozag.
  4081 | D:4      | You are sucked into a shaft and drop 3 floors!
  4082 | D:7      | Found a snail-covered altar of Cheibriados.
  4151 | D:7      | 4151 ||| Stepping ~*~*~tactically~*~*~ (hiding).
  4152 | D:7      | 4152 ||| Stepping ~*~*~tactically~*~*~ (hiding).
  4161 | D:7      | Reached skill level 8 in Axes
  4206 | D:7      | 4206 ||| Stepping ~*~*~tactically~*~*~ (stealth).
  4208 | D:7      | 4208 ||| Stepping ~*~*~tactically~*~*~ (hiding).
  4212 | D:7      | 4212 ||| Stepping ~*~*~tactically~*~*~ (hiding).
  4213 | D:7      | 4213 ||| Stepping ~*~*~tactically~*~*~ (hiding).
  4225 | D:7      | Noticed a steam dragon
  4229 | D:7      | 4229 ||| Stepping ~*~*~tactically~*~*~ (hiding).
  4237 | D:7      | Killed a steam dragon
  4238 | D:7      | Reached skill level 9 in Axes
  4238 | D:7      | Reached XP level 8. HP: 20/46 MP: 12/12
  4239 | D:7      | HP: 6/46 [wight/+0 halberd (8)]
  4240 | D:7      | HP: 1/44 [something (3)]
  4240 | D:7      | Slain by a wight

Levels and vault maps discovered:
D:1:      grunt_arrival_lava_bath, layout_basic, basic_ecumenical_altar,
          minivault_4
D:2:      layout_loops_corners, serial_shops, nicolae_shop_advertising_works
          [nicolae_subvault_shop_adworks]
D:3:      layout_basic, mainiacjoe_overflow_tiny_flanked,
          nzn_wu_jian_contemplation
D:4:      layout_loops_ring, mainiacjoe_overflow_alcove_1,
          gammafunk_ghost_grave, chequers_serial_rivers_room_b, fountainhead,
          uniq_eustachio, uniq_ijyb
D:7:      layout_cave_pools, gammafunk_temple_of_torment,
          mainiacjoe_overflow_24_doors, nemelex_diamond_rough_becter,
          fedhas_altar_fruit_tree, serial_bayou_pond_d,
          nicolae_elevator_lobby_plus, uniq_duvessa

Skill      XL: |  1  2  3  4  5  6  7 |
---------------+----------------------+-----
Axes           | 3 4 5 7 9 |  9.4
Armour         | 2 |  2.3
Fighting       | 3 |  3.0
Throwing       | |  1.0
Dodging        | |  2.1
Spellcasting   | |  2.0
Translocations | |  2.4

Action                   |  1- 3 |  4- 6 |  7- 9 || total
-------------------------+-------+-------+-------++-------
Melee: Hand axe          |    82 |   193 |    62 ||   337
       Kick              |    16 |    50 |    23 ||    89
       Peck              |     8 |    32 |    17 ||    57
       Punch             |       |     1 |     2 ||     3
Throw: Boomerang         |     7 |       |       ||     7
  Use: Scroll            |     3 |     3 |       ||     6
       Potion            |       |     5 |     1 ||     6
Armor: Leather armour    |    15 |       |       ||    15
       Scale mail        |       |    22 |       ||    22
       Chain mail        |       |    87 |    27 ||   114
Dodge: Dodged            |    44 |    77 |    17 ||   138

Table legend:
 A = Non-vault XP
 B = Vault XP
 C = Vault XP percentage of total XP
 D = Non-vault monster count
 E = Vault monster count
 F = Vault count percentage of total count
                 A         B        C        D         E       F
            +---------+---------+-------+---------+---------+-------
      Total |    1035 |     244 |  19.1 |      94 |       2 |   2.1
            +---------+---------+-------+---------+---------+-------
        D:1 |      37 |       0 |   0.0 |      22 |       0 |   0.0
        D:2 |      49 |       0 |   0.0 |      15 |       0 |   0.0
        D:3 |     156 |       0 |   0.0 |      28 |       0 |   0.0
        D:4 |     174 |     244 |  58.4 |      18 |       2 |  10.0
        D:7 |     619 |       0 |   0.0 |      11 |       0 |   0.0
            +---------+---------+-------+---------+---------+-------
